 Dungeon Crawl Stone Soup version 0.28.0-47-ge53b351184 (webtiles) character file.

Game seed: 4542128947856946316

1502 Iusername the Slasher (level 8, -2/70 HPs)
             Began as a Minotaur Fighter on May 4, 2022.
             Succumbed to a scorpion's poison
             ... on level 5 of the Dungeon.
             The game lasted 00:08:16 (5728 turns).

Iusername the Slasher (Minotaur Fighter)            Turns: 5728, Time: 00:08:16

Health: -2/70      AC:  9    Str: 21    XL:     8   Next: 52%
Magic:  7/7        EV: 10    Int:  7    God:
Gold:   257        SH:  5    Dex: 10    Spells: 7/7 levels left

rFire   x . .      SeeInvis .   a - +0 long sword
rCold   + . .      Faith    .   c - +0 buckler
rNeg    . . .      Spirit   .   b - +0 scale mail
rPois   .          Reflect  .   (helmet restricted)
rElec   .          Harm     .   m - +0 cloak
rCorr   .          Rampage  .   (no gloves)
Will    .....                   (no boots)
Stlth   ..........              (no amulet)
HPRegen 0.21/turn               r - ring of ice
MPRegen 0.10/turn               (no ring)

@: lethally poisoned (-2 -> -10), studying Ice Magic
A: horns 2, retaliatory headbutt
a: no special abilities


You were on level 5 of the Dungeon.
You visited 1 branch of the dungeon, and saw 5 of its levels.

You collected 257 gold pieces.

Inventory:

Hand Weapons
 a - a +0 long sword (weapon)
 d - a +3 flail of protection
Armour
 b - a +0 scale mail (worn)
 c - a +0 buckler (worn)
 m - a +0 cloak (worn)
Jewellery
 r - a ring of ice (left hand)
 s - the ring "Qath" {Str-4 Int+6 Dex+4}
   (You took it off an orc on level 4 of the Dungeon)

   [ring of intelligence]

   Str:       It affects your strength (-4).
   Int:       It affects your intelligence (+6).
   Dex:       It affects your dexterity (+4).
Scrolls
 e - a scroll of enchant armour {unknown}
 g - 3 scrolls of identify {unknown}
 h - a scroll of summoning {unknown}
 i - a scroll of brand weapon {unknown}
 l - 2 scrolls of magic mapping {unknown}
 n - a scroll of amnesia {unknown}
 o - a scroll of fog {unknown}
 p - 3 scrolls of immolation {unknown}
 t - 2 scrolls of teleportation {unknown}
 u - 3 scrolls of silence {unknown}
Potions
 f - a potion of flight {unknown}
 j - a potion of mutation {unknown}
 k - 3 potions of heal wounds {unknown}
 q - a potion of ambrosia
 v - a potion of lignification {unknown}


   Skills:
 + Level 6.0 Fighting
 + Level 7.8 Long Blades
 + Level 7.7 Armour
 + Level 3.5 Dodging
 + Level 0.5 Stealth
 + Level 5.5 Shields


You had 7 spell levels left.
You didn't know any spells.
Your spell library contained the following spells:

 Spells                   Type           Power      Damage    Failure   Level
 Summon Small Mammal      Summ           0%         N/A       82%         1
 Call Canine Familiar     Summ           0%         N/A       99%         3
 Ozocubu's Armour         Ice            0%         N/A       99%         3
 Summon Guardian Golem    Hex/Summ       0%         N/A       99%         3
 Ozocubu's Refrigeration  Ice            0%         4d5       100%        7


Dungeon Overview and Level Annotations

Branches:
Dungeon (5/15)
 Temple: D:4-7

Altars:
Dithmenos
Qazlal

Shops:
D:4 :


Innate Abilities, Weirdness & Mutations

You have a pair of horns on your head.
You reflexively headbutt those who attack you in melee.


Message History

The yak bellows!
There are monsters nearby!
There are monsters nearby!
There are monsters nearby!
You hit the yak.
The yak is lightly wounded.
The yak gores you!
There are monsters nearby!
You are too injured to fight recklessly!
There are monsters nearby!
There are monsters nearby!
You are too injured to fight recklessly!
There are monsters nearby!
You are too injured to fight recklessly!
You are too injured to fight recklessly!
You are too injured to fight recklessly!
You hit the scorpion but do no damage. The scorpion stings you.
The yak barely misses you. You furiously retaliate!
You headbutt the yak. You hit the yak.
The yak is moderately wounded.
The scorpion barely misses you. You block the yak's attack.
The scorpion stings you! You block the yak's attack.
You are too injured to fight recklessly!
You hit the scorpion.
You headbutt the scorpion, but do no damage.
The scorpion is moderately wounded.
The scorpion stings you!
* * * LOW HITPOINT WARNING * * *
The yak gores you!
* * * LOW HITPOINT WARNING * * *
You completely miss the scorpion.
The scorpion is moderately wounded.
The scorpion stings you!
* * * LOW HITPOINT WARNING * * *
You are lethally poisoned!
The scorpion poisons you! The yak barely misses you. You furiously retaliate!
You headbutt the yak. You hit the scorpion but do no damage.
The scorpion is moderately wounded.
You die...

...#.#.#.#.# #........
..###.###..# #......# ..
.#.#.#.#.#.###......# #..
.#..# #..#.##.......##..#
.#.#.#.#.#.#........#...#
.(###[###................
.#.#.#.#.................
.#..# #........##........
.#...#..###..###@s.......
. #..# #..###..Y.......
.... #..#............ ..
... #............... ..
.. ................ ..
................ ..
.#.............. ..
#.............. ..


You could see a yak and a scorpion.

Vanquished Creatures
  A wyvern (D:5)
  2 black bears
  A necrophage (D:4)
  A centaur (D:5)
  2 ogres
  A scorpion (D:5)
  A water moccasin skeleton (D:5)
  3 howler monkeys (D:3)
  3 hounds
  A gnoll shaman (D:3)
  2 orc priests
  A bullfrog skeleton (D:5)
  An iguana (D:4)
  A hound skeleton (D:4)
  16 gnolls
  6 adders
  A white imp (D:5)
  2 adder skeletons (D:4)
  2 worms
  2 dart slugs
  29 orcs
  2 bats (D:3)
  9 endoplasms
  6 giant cockroaches
  6 goblins
  7 hobgoblins
  13 jackals (D:3)
  5 quokkas
  7 ball pythons
  2 frilled lizards (D:1)
  6 kobolds
  6 rats
148 creatures vanquished.

Vanquished Creatures (others)
  7 plants (D:3)
7 creatures vanquished.

Grand Total: 155 creatures vanquished

Notes
Turn   | Place    | Note
-------+----------+-------------------------------------------
     0 | D:1      | Iusername the Minotaur Fighter began the quest for the Orb.
     0 | D:1      | Reached XP level 1. HP: 19/19 MP: 0/0
   522 | D:1      | Reached XP level 2. HP: 19/27 MP: 1/1
  1635 | D:2      | Reached XP level 3. HP: 33/33 MP: 2/2
  1936 | D:2      | Reached XP level 4. HP: 36/40 MP: 3/3
  2274 | D:2      | Found a faded altar of an unknown god.
  2404 | D:3      | Reached skill level 1 in Dodging
  2520 | D:3      | Found a glowing drain.
  2583 | D:3      | Reached skill level 5 in Armour
  2667 | D:3      | Reached XP level 5. HP: 43/47 MP: 4/4
  3050 | D:3      | Reached XP level 6. HP: 39/53 MP: 5/5
  3448 | D:3      | Reached skill level 5 in Long Blades
  4108 | D:3      | Reached XP level 7. HP: 54/60 MP: 6/6
  4497 | D:4      | Reached skill level 5 in Fighting
  4532 | D:4      | Found Hiv Vulu's Self-Improvement Boutique.
  4580 | D:4      | Found a stormy altar of Qazlal.
  4580 | D:4      | Found a shadowy altar of Dithmenos.
  4655 | D:4      | Identified the ring "Qath" {Str-4 Int+6 Dex+4}
  5222 | D:4      | Reached XP level 8. HP: 43/69 MP: 7/7
  5465 | D:5      | Entered Level 5 of the Dungeon
  5596 | D:5      | Reached skill level 5 in Shields
  5727 | D:5      | HP: 1/70 [scorpion (8)]
  5728 | D:5      | Succumbed to a scorpion's poison

Illustrated notes

Levels and vault maps discovered:
D:1:      matt_arrival_spirals, layout_basic
D:2:      layout_loops_ring, shapermc_ecumenical_altar_notcrosses,
          minmay_circle_x
D:3:      lemuel_castle_with_subvaults [lemuel_castle_interior_carwin_2],
          layout_basic, cheibrodos_sewer_entry_sluice
D:4:      layout_rooms, gammafunk_temple_overflow_statue, grunt_ministairs_1,
          nicolae_shop_self_help
D:5:      layout_layer_cave, hex_tiny, minmay_manual_mail

Skill      XL: |  1  2  3  4  5  6  7  8 |
---------------+-------------------------+-----
Armour         | 4 5 6 7 |  7.7
Fighting       | 4 5 6 |  6.0
Long Blades    | 3 4 5 6 7 |  7.8
Shields        | 4 5 |  5.5
Dodging        | 1 2 3 |  3.5
Stealth        | |  0.5

Action                   |  1- 3 |  4- 6 |  7- 9 || total
-------------------------+-------+-------+-------++-------
Melee: Long sword        |    66 |   165 |   143 ||   374
       Headbutt          |     6 |    29 |    32 ||    67
  Use: Potion            |       |     2 |       ||     2
Armor: Scale mail        |    29 |    89 |    54 ||   172
Dodge: Dodged            |    18 |    78 |    68 ||   164
Block: Buckler           |    12 |    50 |    46 ||   108
